 Dungeon Crawl Stone Soup version 0.30.0-5-g1a98f26d00 (webtiles) character file.

Game seed: 13283927051412217457

56 Pooter the Trooper (level 3, -12/33 HPs)
             Began as a Minotaur Fighter on May 8, 2023.
             Killed from afar by Terence (16 damage)
             ... with a bolt of light
             ... on level 2 of the Dungeon.
             The game lasted 00:04:19 (1305 turns).

Pooter the Trooper (Minotaur Fighter)               Turns: 1305, Time: 00:04:20

Health: -12/33     AC:  8    Str: 22    XL:     3   Next: 71%
Magic:  2/2        EV:  9    Int:  5    God:
Gold:   49         SH:  0    Dex:  9    Spells: 2/2 levels left

rFire   . . .        a - +0 war axe
rCold   . . .        c - +0 buckler
rNeg    . . .        b - +0 scale mail
rPois   .            (helmet restricted)
rElec   .            (no cloak)
rCorr   .            (no gloves)
SInv    .            p - +0 pair of boots
Will    .....        (no amulet) Stlth
                     (no ring)
HPRegen 0.25/turn    (no ring)
MPRegen 0.08/turn

%: no passive effects
@: confused
A: horns 2, retaliatory headbutt
a: no special abilities


You were on level 2 of the Dungeon.
You visited 1 branch of the dungeon, and saw 2 of its levels.

You collected 49 gold pieces.

Inventory:

Hand Weapons
 a - a +0 war axe (weapon)
Missiles
 j - 3 boomerangs (quivered)
 l - 5 poisoned darts
 Q - 12 stones
Armour
 b - a +0 scale mail (worn)
 c - a +0 buckler (worn)
 p - a +0 pair of boots (worn)
   (You found it on level 1 of the Dungeon)
Scrolls
 e - a scroll of teleportation {unknown}
 g - a scroll of fear {unknown}
 k - a scroll of butterflies
 o - 2 scrolls of vulnerability {!r}
 r - a scroll of amnesia
Potions
 d - a potion of might
 f - 2 potions of magic {unknown}
 h - a potion of heal wounds {@q2}
 m - a potion of berserk rage {unknown}
 n - a potion of haste {unknown}
 q - 2 potions of curing {unknown}
 s - a potion of invisibility {unknown}


   Skills:
 + Level 4.1 Fighting
 * Level 3.6 Axes
 * Level 2.3 Ranged Weapons
 - Level 3.6 Armour
 - Level 3.6 Shields


You had 2 spell levels left.
You didn't know any spells.
Your spell library contained the following spells:

 Spells                   Type           Power      Damage    Failure   Level
 Sting                    Tmut/Pois      0%         1d3       86%         1
 Poisonous Vapours        Pois/Air       0%         N/A       95%         2
 Olgreb's Toxic Radiance  Pois           0%         N/A       100%        4


Dungeon Overview and Level Annotations

Branches:
Dungeon (2/15)

Altars:

Annotations:
D:2 Terence


Innate Abilities, Weirdness & Mutations

You have a pair of horns on your head.
You reflexively headbutt those who attack you in melee.


Message History

You see here a +0 robe.
Found 15 gold pieces.
Found a stone staircase leading down.
You now have 43 gold pieces (gained 15).
There is a stone staircase leading down here.
Found a scroll labelled PEM GAETZ.
e - 2 scrolls labelled PEM GAETZ (gained 1)
As you read the scroll labelled PEM GAETZ, it crumbles to dust.
It is a scroll of identify.
r - a scroll of amnesia;
i - a scroll of identify
e - a scroll labelled SOTSE TODUQ PEBE
As you read the scroll of identify {@r1}, it crumbles to dust.
k - a scroll of butterflies
Found 6 gold pieces.
You now have 49 gold pieces (gained 6).
Found a robe.
Terence the Incautious comes into view.
He is wielding a +0 flail, wearing a +4 ring mail of willpower and carrying a wand of light (7).
Terence shouts!
You throw a boomerang. The boomerang barely misses Terence.
You throw a boomerang. The boomerang closely misses Terence.
Terence zaps a wand.
The bolt of light hits you but does no damage.
You hit Terence.
Terence zaps a wand.
The bolt of light hits you!
You are confused.
You are too injured to fight recklessly!
You are too injured to fight recklessly!
You bump into the rock wall.
Terence hits you with a +0 flail.
* * * LOW HITPOINT WARNING * * *
Unknown command.
You bump into the rock wall.
You feel less confused. Terence hits you with a +0 flail!
* * * LOW HITPOINT WARNING * * *
You closely miss Terence. Terence hits you with a +0 flail.
* * * LOW HITPOINT WARNING * * *
You hit Terence but do no damage. Terence hits you but does no damage.
Terence hits you with a +0 flail.
* * * LOW HITPOINT WARNING * * *
You barely miss Terence. Terence closely misses you.
You hit Terence. You headbutt Terence, but do no damage.
Terence hits you with a +0 flail.
* * * LOW HITPOINT WARNING * * *
You closely miss Terence. You headbutt Terence, but do no damage.
You block Terence's attack.
Terence zaps a wand.
The bolt of light hits you!
You are confused.
You die...

#####.#.......................##
.####.#######.##.##.#######...
..>...# #.##.##.# #... ...####
#.##.##.# #... ...# #.##.##.#
#... ...# . #.##.##.# #..#
....#.......# ## #..#
.......@.###.... .#.#
.....###@.[..... ...# ...
#.###.... #### . #.### ## #...#
###.# #### #.# ...# #########.#
##.# ####.........# #.#
#.......######


You could see Terence.

Vanquished Creatures
  Robin (D:2)
  3 endoplasms (D:1)
  3 giant cockroaches
  13 goblins
  7 hobgoblins
  3 kobolds (D:1)
  A quokka (D:1)
  A ball python (D:2)
  2 bats
  2 frilled lizards (D:1)
  A rat (D:1)
37 creatures vanquished.

Notes
Turn   | Place    | Note
-------+----------+-------------------------------------------
     0 | D:1      | Pooter the Minotaur Fighter began the quest for the Orb.
     0 | D:1      | Reached XP level 1. HP: 19/19 MP: 0/0
    91 | D:1      | Reached skill level 1 in Ranged Weapons
    91 | D:1      | Reached XP level 2. HP: 27/27 MP: 1/1
  1058 | D:2      | Noticed Robin
  1067 | D:2      | Reached XP level 3. HP: 28/33 MP: 2/2
  1068 | D:2      | Reached skill level 4 in Fighting
  1073 | D:2      | Killed Robin
  1293 | D:2      | Noticed Terence
  1305 | D:2      | Killed from afar by Terence

Illustrated notes

Levels and vault maps discovered:
D:1:      dpeg_arrival_rhombus, layout_basic, minmay_misc_feat_four_crosses
D:2:      layout_loops_cross, uniq_terence, uniq_robin

Skill      XL: |  1  2  3 |
---------------+----------+-----
Ranged Weapons | 1 2 |  2.3
Axes           | 3 |  3.6
Fighting       | 4 |  4.1
Armour         | |  3.6
Shields        | |  3.6

Action                     || total
---------------------------++-------
  Melee: War axe           ||    73
         Headbutt          ||     7
  Throw: Boomerang         ||     2
    Use: Scroll            ||     3
 Armour: Scale mail        ||    44
  Dodge: Dodged            ||    41
  Block: Buckler           ||    12
